 Dungeon Crawl Stone Soup version 0.19.5 (webtiles) character file.

28 greprep the Magician (level 3, -1/19 HPs)
             Began as a Deep Elf Wizard on Apr 30, 2017.
             Slain by Terence
             ... wielding a +0 flail
              (7 damage)
             ... on level 2 of the Dungeon.
             The game lasted 00:06:42 (1382 turns).

greprep the Magician (Deep Elf Wizard)              Turns: 1382, Time: 00:06:43

Health: -1/19      AC:  2    Str:  4    XL:     3   Next: 0%
Magic:  4/11       EV: 12    Int: 23    God:
Gold:   59         SH:  0    Dex: 10    Spells: 2 memorised, 9 levels left

rFire  . . .     SeeInvis .     (no weapon)
rCold  . . .     Gourm    .     a - +0 robe
rNeg   . . .     Faith    .     (no shield)
rPois  .         Spirit   .     b - +0 hat
rElec  .         Reflect  .     (no cloak)
rCorr  .         Harm     .     (no gloves)
MR     .....                    (no boots)
Stlth  ++........               (no amulet)
                                (no ring)
                                e - -3 ring of dexterity (curse)

@: no status effects
A: no striking features
a: no special abilities


You were on level 2 of the Dungeon.
You were not hungry.

You visited 1 branch of the dungeon, and saw 2 of its levels.

You collected 59 gold pieces.

Inventory:

Armour
 a - a +0 robe (worn)
 b - a +0 hat (worn)
Jewellery
 e - a cursed -3 ring of dexterity (left hand)
Scrolls
 g - 3 scrolls of immolation {unknown}
 h - a scroll of remove curse {unknown}
 l - a scroll of magic mapping
Potions
 i - a potion of might {unknown}
 j - a potion of lignification {unknown}
 k - a potion of haste {unknown}
Books
 c - a book of Minor Magic

   Spells                             Type                      Level
   a - Magic Dart                     Conjuration                  1
   b - Blink                          Translocation                2
   c - Call Imp                       Summoning                    2
   d - Repel Missiles                 Charms/Air                   2
   e - Slow                           Hexes                        2
   f - Conjure Flame                  Conjuration/Fire             3
   g - Mephitic Cloud                 Conjuration/Poison/Air       3


   Skills:
 + Level 2.8 Dodging
 + Level 2.5 Stealth
 + Level 5.3 Spellcasting
 + Level 1.5 Conjurations
   Level 1.1 Summonings
   Level 1.1 Translocations


You had 9 spell levels left.
You knew the following spells:

 Your Spells              Type           Power        Failure   Level  Hunger
a - Magic Dart            Conj           ##..         6%          1    None
b - Slow                  Hex            #.......     17%         2    None


Dungeon Overview and Level Annotations

Branches:
Dungeon (2/15)

Altars:

Annotations:
D:2 Terence


Message History

You finish memorising.
Spell assigned to 'b'.
Casting: Magic Dart
Confirm with . or Enter, or press ? or * to list all spells.
Aiming: Slow
Press: ? - help, Shift-Dir - straight line, f - Terence
Aim: Terence, wielding a flail and wearing a chain mail (moderately wounded, chance to defeat MR: 50%) Terence resists with some effort.
Terence hits you with a flail.
Casting: Slow
Confirm with . or Enter, or press ? or * to list all spells.
Aiming: Slow
Press: ? - help, Shift-Dir - straight line, f/p - Terence
Aim: Terence, wielding a flail and wearing a chain mail (moderately wounded, chance to defeat MR: 50%) Terence resists with some effort.
Terence closely misses you.
Casting: Slow
Confirm with . or Enter, or press ? or * to list all spells.
Aiming: Slow
Press: ? - help, Shift-Dir - straight line, f/p - Terence
Aim: Terence, wielding a flail and wearing a chain mail (moderately wounded, chance to defeat MR: 50%) Terence seems to slow down.
Terence hits you with a flail!
You die...

## ### #.. ....
#... .....
#...########.....
#................
#........#.....
#...........#
#.###.#@..#... #
#..#@..#
#...##.##...#
#...........#
#...##.###### #..
...# #......#
#....... #...##..
#... #..


You could see Terence.

Vanquished Creatures
  4 bats (D:1)
  2 giant cockroaches (D:1)
  2 goblins (D:1)
  3 hobgoblins (D:1)
  6 jackals (D:1)
  3 frilled lizards (D:1)
  4 kobolds (D:1)
  A rat (D:1)
25 creatures vanquished.

Notes
Turn   | Place    | Note
-------+----------+-------------------------------------------
     0 | D:1      | greprep the Deep Elf Wizard began the quest for the Orb.
     0 | D:1      | Reached XP level 1. HP: 10/10 MP: 7/7
   147 | D:1      | Reached skill level 5 in Spellcasting
   147 | D:1      | Reached XP level 2. HP: 14/15 MP: 0/10
  1272 | D:1      | Reached XP level 3. HP: 19/19 MP: 7/11
  1342 | D:2      | Noticed Terence
  1380 | D:2      | Learned a level 2 spell: Slow
  1382 | D:2      | Slain by Terence

Skill      XL: |  1 |
---------------+----+-----
Spellcasting   | 5 |  5.3
Dodging        | |  2.8
Stealth        | |  2.5
Conjurations   | |  1.5
Summonings     | |  1.1
Translocations | |  1.1

Action                   || total
-------------------------++-------
Melee: Unarmed           ||     7
 Cast: Magic Dart        ||    72
       Slow              ||     3
  Use: Scroll            ||     1
       Potion            ||     1
  Eat: Bread ration      ||     1
Armor: Robe              ||    17
Dodge: Dodged            ||    58
